 Dungeon Crawl Stone Soup version 0.25.1-2-g60ff931df9 (webtiles) character file.

Game seed: 13497006292728751470

13976 Ijustatesigmund the Cleaver (level 12, -3/79 HPs)
             Began as an Octopode Fighter on Sept 3, 2020.
             Was the Champion of Cheibriados.
             Slain by an entropy weaver (glowing shapeshifter) (11 damage)
             ... on level 11 of the Dungeon on Sept 4, 2020.
             The game lasted 00:27:53 (12314 turns).

Ijustatesigmund the Cleaver (Octopode Fighter)     Turns: 12314, Time: 00:27:54

Health: -3/79      AC:  3    Str: 41    XL:     12   Next: 11%
Magic:  0/28       EV: 16    Int: 26    God:    Cheibriados [******]
Gold:   274        SH: 17    Dex: 29    Spells: 11/11 levels left

rFire    . . .     SeeInvis .   A - +7 war axe "Ithrumyrgh" {drain, Str+3}
rCold    . . .     Gourm    .   b - +3 kite shield
rNeg     . . .     Faith    .   (helmet restricted)
rPois    .         Spirit   +   l - amulet of guardian spirit
rElec    .         Reflect  .   g - +6 ring of strength
rCorr    .         Harm     .   e - ring of wizardry
MR       .....                  y - ring of magical power
Stlth    +++++.....             B - ring of flight
HPRegen  0.23/turn              (no ring)
MPRegen  0.21/turn              (no ring)
                                (no ring)
                                (no ring)

@: mighty, drained, very slow
A: almost no armour, stealthy swim, amphibious, 8 rings, constrict 8, tentacle
spike 1, icy blue scales 1, camouflage 1, frail 1, gelatinous body 1
a: Bend Time, Temporal Distortion, Slouch, Step From Time, Renounce Religion,
Evoke Flight


You were on level 11 of the Dungeon.
You worshipped Cheibriados.
Cheibriados was exalted by your worship.
You were not hungry.

You visited 2 branches of the dungeon, and saw 12 of its levels.

You collected 732 gold pieces.
You spent 458 gold pieces at shops.

Inventory:

Hand Weapons
 a - a +0 broad axe
 u - a +5 flail
 A - the +7 war axe "Ithrumyrgh" (weapon) {drain, Str+3}
   (You found it on level 11 of the Dungeon)

   A truly terrible weapon, it drains the life of those it strikes.
   It affects your strength (+3).
 D - a +2 hand axe of flaming
Armour
 b - a +3 kite shield (worn)
Jewellery
 e - a ring of wizardry (right tentacle)
 g - a +6 ring of strength (left tentacle)
 l - an amulet of guardian spirit (around mantle)
 y - a ring of magical power (on tentacle)
 B - a ring of flight (on tentacle)
Wands
 i - a wand of polymorph (2)
 p - a wand of disintegration (2)
 v - a wand of iceblast (1)
 x - a wand of clouds (2)
Scrolls
 f - 5 scrolls of remove curse
 h - 5 scrolls of identify
 j - 3 scrolls of teleportation
 q - a scroll of fear
 t - a scroll of immolation
 z - 3 scrolls of amnesia
 E - a scroll of blinking
Potions
 c - a potion of might
 k - 5 potions of curing
 m - 2 potions of resistance
 n - 2 potions of flight
 o - 2 potions of invisibility
 r - a potion of brilliance
 s - 3 potions of stabbing
 w - a potion of cancellation
Miscellaneous
 C - a phantom mirror
Comestibles
 d - 30 rations


   Skills:
 - Level 10.4(9.7) Fighting
 - Level 10.4(9.7) Axes
 + Level 5.3(4.7) Dodging
 - Level 7.1(6.4) Stealth
 + Level 5.4(4.7) Shields
 + Level 9.7(9.0) Invocations
 - Level 5.3(4.7) Evocations


You had 11 spell levels left.
You didn't know any spells.
Your spell library contained the following spells:

 Spells                   Type           Power        Failure   Level  Hunger
 Beastly Appendage        Tmut           #.....       19%         1    ##.....
 Sticks to Snakes         Tmut           #.......     26%         2    ###....
 Spider Form              Tmut/Pois      #.........   45%         3    ####...
 Ice Form                 Ice/Tmut       #.......     86%         4    #####..
 Blade Hands              Tmut           #.........   99%         5    ######.
 Bolt of Magma            Conj/Fire/Erth #.........   99%         5    ######.
 Iskenderun's Battlesphe  Conj/Chrm      #.......     99%         5    ######.
 Iron Shot                Conj/Erth      #.........   100%        6    #######
 Orb of Destruction       Conj           #.........   100%        7    #######
 Spellforged Servitor     Conj/Summ      #.........   100%        7    #######


Dungeon Overview and Level Annotations

Branches:
Dungeon (11/15)            Temple (1/1) D:4            Lair (0/6) D:9
    Orc (0/2) D:9

Altars:
Ashenzari
Cheibriados
Dithmenos
Elyvilon
Fedhas
Gozag
Hepliaklqana
Kikubaaqudgha
Makhleb
Nemelex Xobeh
Qazlal
Sif Muna
Trog
Uskayaw
Vehumet
Wu Jian
Xom
Yredelemnul
Zin
The Shining One

Shops:
D:6 (   D:9 *([%(

Annotations:
D:5 2 transporters, Acheron's ghost, amateur TeCK


Innate Abilities, Weirdness & Mutations

You cannot wear most types of armour.
You are very stealthy in the water. (Stealth+)
You are amphibious.
You can wear up to eight rings at the same time.
You can use your tentacles to constrict eight enemies at once.
Your skin changes colour to match your surroundings (Stealth+).
Your rubbery body absorbs attacks. (AC +1, EV +1)
One of your tentacles bears a spike.
You are partially covered in icy blue scales. (AC +2)
You are frail. (-10% HP)


Message History

Aim: a hell knight, wielding a +1 war axe of draining and wearing a +0 plate armour (chance to defeat MR: 42%)
The hell knight evaporates and reforms as a glowing shapeshifter!
You start resting.
Magic restored.
You start resting.
A storm dragon comes into view.
You feel very mighty all of a sudden.
The storm dragon changes into an entropy weaver!
The entropy weaver closely misses you. You block the entropy weaver's attack.
The entropy weaver hits you. The entropy weaver hits you!
You block the entropy weaver's attack. x2; The entropy weaver hits you! x2
You hit the entropy weaver. You grab the entropy weaver.
You pierce the entropy weaver.
You squeeze the entropy weaver!
The entropy weaver is moderately wounded.
You constrict the entropy weaver. The entropy weaver hits you!
You block the entropy weaver's attack. The entropy weaver hits you! x2
* * * LOW HITPOINT WARNING * * *
The entropy weaver hits you!
* * * LOW HITPOINT WARNING * * *
The entropy weaver hits you!
You die...

.#####...##.##.#.#########.#..##.
...#...####.##.#.#. #.#.....
##...### #.#..≈.#p #.#.####
...### #....≈.#. #.#.###
.##########...!≈.#< #.#...#
)..............≈.#p .#.#...#
.............#§≈.#h#####)#.#...#
.............#.#.#.)p).p.#.#...#
.............#.#@###§≈≈###.#..##
...........).#.#.a.........#..#
...............#############..#
........>...##................#
.............##..#.#.(#######.#
.................#.#...$. .#
############.###.#.####### .#
#.......#.#<. .# #.......+.### .#


You could see an entropy weaver shaped shifter.

Vanquished Creatures
  A hydra (D:10)
  A two-headed ogre (D:10)
  2 hell knights (D:11)
  A necromancer (D:11)
  A deep elf mage (D:11)
  An elephant (D:9)
  2 trolls (D:9)
  2 dream sheep (D:10)
  A hippogriff (D:9)
  Eustachio (D:4)
  12 yaks
  A hungry ghost (D:8)
  Grum (D:9)
  A basilisk (D:9)
  Menkaure (D:4)
  6 hell hounds (D:11)
  10 orc warriors
  2 eyes of draining (D:11)
  4 sky beasts
  A black bear (D:7)
  2 phantoms
  An ice beast (D:8)
  3 necrophages
  8 ogres
  A centaur (D:6)
  A crocodile (D:9)
  4 big kobolds
  4 bullfrogs
  3 gnoll sergeants (D:9)
  2 wyvern skeletons
  5 scorpions
  9 killer bees
  6 howler monkeys
  4 wights (D:7)
  4 crimson imps
  3 jellies
  2 centaur zombies
  5 bullfrog skeletons
  4 orc priests
  10 hounds
  A centaur skeleton (D:9)
  7 orc wizards
  Jessica (D:3)
  Natasha (thrice) (D:2)
  3 iguanas
  6 worker ants
  A killer bee zombie (D:7)
  2 hound zombies
  3 hound skeletons
  2 worker ant zombies
  2 howler monkey zombies (D:5)
  A howler monkey skeleton (D:8)
  11 adders
  21 gnolls
  2 shadow imps
  2 oozes
  4 worms
  A dart slug (D:2)
  7 leopard geckos
  43 orcs
  2 ball pythons
  10 bats
  5 giant cockroaches
  11 goblins
  6 hobgoblins
  6 jackals (D:6)
  11 kobolds
  3 quokkas
  7 frilled lizards
  A leopard gecko zombie (D:5)
  A quokka zombie (D:5)
  10 rats
329 creatures vanquished.

Vanquished Creatures (others)
  5 plants (D:10)
5 creatures vanquished.

Grand Total: 334 creatures vanquished

Notes
Turn   | Place    | Note
-------+----------+-------------------------------------------
     0 | D:1      | Ijustatesigmund the Octopode Fighter began the quest for
                  | the Orb.
     0 | D:1      | Reached XP level 1. HP: 16/16 MP: 1/1
    82 | D:1      | Reached XP level 2. HP: 21/21 MP: 2/2
   706 | D:2      | Noticed Natasha
   711 | D:2      | Killed Natasha
   711 | D:2      | Reached XP level 3. HP: 19/26 MP: 3/3
  1011 | D:2      | Reached XP level 4. HP: 32/32 MP: 4/4
  1316 | D:2      | Noticed Natasha
  1323 | D:2      | Killed Natasha
  1565 | D:2      | Reached XP level 5. HP: 25/37 MP: 5/5
  1750 | D:2      | Noticed Natasha
  1755 | D:2      | Killed Natasha
  1779 | D:2      | Gained mutation: One of your tentacles bears a spike.
                  | [potion of mutation]
  1779 | D:2      | Gained mutation: You are frail. (-10% HP) [potion of
                  | mutation]
  1779 | D:2      | Gained mutation: You are partially covered in icy blue
                  | scales. (AC +2) [potion of mutation]
  2209 | D:3      | HP: 1/33 [poisoned by an adder]
  2791 | D:3      | Reached XP level 6. HP: 14/38 MP: 6/6
  3027 | D:3      | Noticed Jessica
  3029 | D:3      | Killed Jessica
  3354 | D:3      | Reached skill level 5 in Axes
  3553 | D:3      | Reached skill level 5 in Fighting
  3647 | D:4      | Reached XP level 7. HP: 45/45 MP: 7/7
  3760 | D:4      | Noticed Menkaure
  3767 | D:4      | Killed Menkaure
  3833 | D:4      | Found a shimmering blue altar of Sif Muna.
  3907 | D:4      | Found a staircase to the Ecumenical Temple.
  3913 | Temple   | Entered the Ecumenical Temple
  3977 | Temple   | Became a worshipper of Cheibriados the Contemplative
  4058 | D:4      | Noticed Eustachio
  4067 | D:4      | Killed Eustachio
  4067 | D:4      | Reached skill level 1 in Invocations
  4113 | D:4      | Reached XP level 8. HP: 45/51 MP: 9/9
  4196 | D:4      | Noticed a +0 dagger
  4196 | D:4      | Noticed a +0 hand axe
  4214 | D:4      | Found a hide-covered altar of Uskayaw.
  4377 | D:5      | Entered Level 5 of the Dungeon
  4579 | D:5      | Reached * piety under Cheibriados
  5230 | D:5      | Found a transporter.
  5230 | D:5      | Noticed Acheron's ghost (amateur TeCK)
  5233 | D:5      | Found a transporter.
  5303 | D:6      | Found Ughoumot's Antique Weapon Shoppe.
  5340 | D:6      | Bought a smoking hunting sling for 130 gold pieces
  5340 | D:6      | Identified the +7 hunting sling "Hous" {speed, +Inv rN+
                  | Dex+3} (You bought it in a shop on level 6 of the Dungeon)
  5343 | D:6      | Bought a broad axe for 80 gold pieces
  5399 | D:6      | Reached XP level 9. HP: 56/56 MP: 11/11
  5432 | D:6      | Reached ** piety under Cheibriados
  5462 | D:6      | Reached skill level 5 in Shields
  5916 | D:6      | Reached skill level 5 in Dodging
  6111 | D:6      | Found a sparkling altar of Nemelex Xobeh.
  6113 | D:6      | Found an ornate altar of the Wu Jian Council.
  6113 | D:6      | Found a shattered altar of Ashenzari.
  6115 | D:6      | Found a glowing silver altar of Zin.
  6115 | D:6      | Found a shimmering altar of Xom.
  6115 | D:6      | Found an ornate altar of the Wu Jian Council.
  6378 | D:7      | Reached *** piety under Cheibriados
  6648 | D:7      | Reached skill level 5 in Invocations
  7346 | D:8      | Found a white marble altar of Elyvilon.
  7394 | D:8      | Reached **** piety under Cheibriados
  7472 | D:8      | Found a hide-covered altar of Uskayaw.
  7586 | D:8      | Reached XP level 10. HP: 64/64 MP: 14/14
  7684 | D:8      | Found a basalt altar of Yredelemnul.
  8184 | D:9      | Found a glowing silver altar of Zin.
  8184 | D:9      | Found a burning altar of Makhleb.
  8185 | D:9      | Noticed an Executioner
  8185 | D:9      | Noticed an angel
  8193 | D:9      | Found Ygin's Antique Weapon Emporium.
  8206 | D:9      | Bought a fine mace for 192 gold pieces
  8206 | D:9      | Identified the +5 mace of Profit {protect, +Inv rElec rC-
                  | Int+3} (You bought it in a shop on level 9 of the Dungeon)
  8230 | D:10     | Entered Level 10 of the Dungeon
  8320 | D:9      | Found a staircase to the Lair.
  8321 | D:9      | Noticed an elephant
  8335 | D:9      | Killed an elephant
  8335 | D:9      | Reached ***** piety under Cheibriados
  8466 | D:9      | Found Isalot's Weapon Boutique.
  8506 | D:9      | Found Xiunlag's Antique Armour Boutique.
  9000 | D:9      | Found a staircase to the Orcish Mines.
  9255 | D:9      | Noticed Grum
  9259 | D:9      | Killed Grum
  9283 | D:9      | Found Ogiagim's Food Shoppe.
  9289 | D:9      | Reached XP level 11. HP: 72/72 MP: 17/17
  9416 | D:9      | Found Rexits's General Store.
  9611 | D:9      | Bought a scroll of fear for 56 gold pieces
 10209 | D:10     | Noticed a three-headed hydra
 10221 | D:10     | Killed a three-headed hydra
 10221 | D:10     | Reached skill level 10 in Fighting
 10221 | D:10     | Reached skill level 10 in Axes
 10551 | D:10     | Noticed a two-headed ogre
 10554 | D:10     | Reached ****** piety under Cheibriados
 10560 | D:10     | Killed a two-headed ogre
 10786 | D:10     | Reached skill level 1 in Stealth
 10792 | D:10     | Reached skill level 1 in Evocations
 10951 | D:11     | Noticed a deep elf mage
 10956 | D:11     | Killed a deep elf mage
 11202 | D:11     | Reached skill level 5 in Stealth
 11624 | D:11     | Got a crude war axe
 11625 | D:11     | Identified the +7 war axe "Ithrumyrgh" {drain, Str+3} (You
                  | found it on level 11 of the Dungeon)
 11651 | D:11     | Noticed a hell knight
 11797 | D:11     | Noticed a hell knight
 11800 | D:11     | Noticed a hell knight
 11805 | D:11     | Noticed a necromancer
 11806 | D:11     | Killed a hell knight
 11806 | D:11     | Reached skill level 5 in Evocations
 11806 | D:11     | Reached XP level 12. HP: 79/79 MP: 19/19
 12014 | D:11     | Noticed a hell knight
 12265 | D:11     | a hell knight changed into a glowing shapeshifter
 12311 | D:11     | Noticed a storm dragon
 12312 | D:11     | Noticed an entropy weaver
 12312 | D:11     | a storm dragon changed into an entropy weaver
 12314 | D:11     | Slain by an entropy weaver (glowing shapeshifter)

Illustrated notes

Levels and vault maps discovered:
D:1:      minmay_arrival_solitary_statue, layout_loops_ring, fountainhead,
          minmay_misc_feat_tower, wander_ebering_terrifying_dragon_lair
D:2:      layout_loops_ring, uniq_natasha
D:3:      layout_basic, mrwooster_statue_mirror, uniq_jessica
D:4:      layout_rooms, dancing_weapons_uskayaw, tgw_sif,
          minmay_temple_entry_hall, uniq_menkaure, uniq_eustachio
D:5:      layout_rooms, first_ration, gammafunk_ghost_arena
D:6:      layout_rooms, serial_shops, shop, doesnt_xom_only_xom
D:7:      layout_cave_pools, serial_column_ruins, column_ruins_open_tiny,
          column_ruins_open_small, column_ruins_open_tiny, column_ruins_grid_1,
          column_ruins_open_medium
D:8:      layout_gridville, lemuel_crystal_altar, elyvilon_altar_1, basic_altar
D:9:      layout_cave_pools, grunt_temple_overflow_order_and_chaos_2,
          david_lair_generic, kennysheep_orc_monster_closet_entryway,
          serial_shops, nicolae_shop_statue_plus, shop, shop_statue,
          serial_gnoll_camp, grums_kennel, gnoll_camp_mini_house,
          gnoll_camp_mini_hut, gnoll_camp_mini_shop, gnoll_camp_mini_shop
D:10:     layout_basic, solitary_fountain, hangedman_ranch
          [blue_anna_fruit_fields]
D:11:     layout_basic, hangedman_decor_lopped, nicolae_benzene_ring,
          minmay_rotating_lava
Temple:   eino_temple_scatter_basement

Skill      XL: |  1  2  3  4  5  6  7  8  9 10 11 12 |
---------------+-------------------------------------+-----
Axes           | 3 4 5 6 8 9 10 | 10.4
Fighting       | 4 5 6 8 9 10 | 10.4
Invocations    | 2 3 6 8 9 |  9.7
Shields        | 4 5 |  5.4
Dodging        | 4 5 |  5.3
Stealth        | 6 7 |  7.1
Evocations     | 5 |  5.3

Action                   |  1- 3 |  4- 6 |  7- 9 | 10-12 || total
-------------------------+-------+-------+-------+-------++-------
Melee: War axe           |    36 |    95 |    75 |     9 ||   215
       Constrict         |    10 |    25 |    45 |    48 ||   128
       Tentacles         |     6 |    18 |    53 |    80 ||   157
       Kick              |       |    21 |    79 |   112 ||   212
       Broad axe         |       |       |   100 |   171 ||   271
       Flail             |       |       |       |     9 ||     9
Invok: Slouch            |       |       |       |     1 ||     1
 Abil: Evoke Flight      |       |       |       |     3 ||     3
       Stop Flying       |       |       |       |     1 ||     1
Evoke: Wand              |       |       |       |    29 ||    29
  Use: Scroll            |     3 |     8 |     9 |     9 ||    29
       Potion            |       |     3 |       |     2 ||     5
 Stab: Sleeping          |     9 |     6 |    14 |    13 ||    42
       Distracted        |       |       |     3 |     1 ||     4
       Confused          |       |       |       |    10 ||    10
  Eat: Chunk             |       |     9 |     7 |     6 ||    22
       Ration            |       |       |       |     1 ||     1
Armor: Skin              |     4 |    17 |     6 |     9 ||    36
Dodge: Dodged            |    10 |    42 |    74 |    91 ||   217
Block: Kite shield       |     6 |    40 |   107 |   141 ||   294
